 Dungeon Crawl Stone Soup version 0.26-a0-255-gd5f3108e62 (webtiles) character file.

Game seed: 6934874006895861109

108 Esekla the Grave Robber (level 5, -2/36 HPs)
             Began as a Formicid Necromancer on July 9, 2020.
             Slain by a worm (9 damage)
             ... on level 2 of the Dungeon.
             The game lasted 00:12:53 (1963 turns).

Esekla the Grave Robber (Formicid Necromancer)      Turns: 1963, Time: 00:12:53

Health: -2/36      AC:  2    Str: 13    XL:     5   Next: 12%
Magic:  3/9        EV: 12    Int: 15    God:
Gold:   85         SH:  0    Dex: 11    Spells: 7/10 levels left

rFire    . . .     SeeInvis +   d - +0 dagger (venom)
rCold    . . .     Faith    .   (no shield)
rNeg     . . .     Spirit   .   e - +0 robe (curse)
rPois    .         Reflect  .   (helmet unavailable)
rElec    .         Harm     .   (no cloak)
rCorr    +                      (no gloves)
MR       .....                  (no boots)
Stlth    ++........             (no amulet)
HPRegen  0.12/turn              g - ring of resist corrosion
MPRegen  0.11/turn              (no ring)

@: no status effects
A: permanent stasis, dig shafts and tunnels, four strong arms, antennae 3
a: Dig, Shaft Self


You were on level 2 of the Dungeon.
You were not hungry.

You visited 1 branch of the dungeon, and saw 2 of its levels.

You collected 85 gold pieces.

Inventory:

Hand Weapons
 d - a +0 dagger of venom (weapon)
Missiles
 f - 7 javelins (quivered)
Armour
 e - a cursed +0 robe (worn)
 j - a +3 leather armour
Jewellery
 g - a ring of resist corrosion (left hand)
Potions
 a - a potion of flight {unknown}
 h - a potion of ambrosia {unknown}
 i - 3 potions of lignification
 l - a potion of curing {unknown}
Comestibles
 c - 5 rations


   Skills:
 * Level 0.8 Fighting
 + Level 0.7 Short Blades
 + Level 0.1 Throwing
 + Level 1.5 Armour
 + Level 2.0 Dodging
 + Level 2.9 Stealth
 * Level 3.1 Spellcasting
 + Level 4.7 Necromancy


You had 7 spell levels left.
You knew the following spells:

 Your Spells              Type           Power        Failure   Level
d - Vampiric Draining     Necr           ###.......   9%          3

Your spell library contained the following spells:

 Spells                   Type           Power        Failure   Level
 Animate Skeleton         Necr           ###...       2%          1
 Pain                     Necr           ###.         2%          1
 Animate Dead             Necr           ###.......   28%         4
 Agony                    Necr           ###.....     61%         5


Dungeon Overview and Level Annotations

Branches:
Dungeon (2/15)

Altars:
Gozag
Makhleb
Okawaru
Wu Jian
Zin


Innate Abilities, Weirdness & Mutations

You cannot be hasted, slowed, berserked, paralysed or teleported.
You can dig through walls and to a lower floor.
Your four strong arms can wield two-handed weapons with a shield.
You have a pair of large antennae on your head. (SInv)


Message History

You hit the worm.
The worm is heavily wounded.
You hit the worm.
The worm is severely wounded.
The worm closely misses you.
Your magical contamination has completely faded away.
You barely miss the worm.
The worm is severely wounded.
You hit the worm but do no damage.
The worm is severely wounded.
The worm bites you.
* * * LOW HITPOINT WARNING * * *
You barely miss the worm.
The worm is severely wounded.
You hit the worm but do no damage.
The worm looks as sick as possible!
The worm is almost dead.
You hit the worm.
The worm looks as sick as possible!
The worm is almost dead.
The worm bites you!
You die...

#.#[..#...#..#
#††...#......#
###..#####..#.#
##..(..8#8....(#
##.<........=.###
#............## #######
########...........(#
#.....#
................w...#
#.....#
....(...........@..##
#.....# .........>...##...##
###.....#
##...........######
#.....### *#.##..#...###
###.##).# ##.##.#...##*
##...##.##
<..##.#.#...####*###..###..#
..>##.#.###.....##...## #.##
#..##.#.#######..#.### #.#
..........# *#.....####.#


You could see a worm (extremely poisoned).

Vanquished Creatures
  Terence (D:2)
  3 adders (D:2)
  2 worms (D:2)
  3 leopard geckos
  A ball python (D:2)
  3 giant cockroaches
  7 goblins
  5 hobgoblins
  3 jackals (D:1)
  5 kobolds
  4 bats
  4 frilled lizards (D:1)
  4 rats
45 creatures vanquished.

Notes
Turn   | Place    | Note
-------+----------+-------------------------------------------
     0 | D:1      | Esekla the Formicid Necromancer began the quest for the
                  | Orb.
     0 | D:1      | Reached XP level 1. HP: 13/13 MP: 3/3
   314 | D:1      | Reached XP level 2. HP: 12/19 MP: 3/5
   880 | D:1      | Reached XP level 3. HP: 24/24 MP: 6/6
   914 | D:1      | Learned a level 3 spell: Vampiric Draining
   945 | D:1      | Reached skill level 1 in Armour
  1556 | D:2      | Noticed Terence
  1563 | D:2      | Reached XP level 4. HP: 27/30 MP: 6/8
  1572 | D:2      | Killed Terence
  1689 | D:2      | Found an ornate altar of the Wu Jian Council.
  1874 | D:2      | Found an iron altar of Okawaru.
  1876 | D:2      | Found a glowing silver altar of Zin.
  1877 | D:2      | Found an opulent altar of Gozag.
  1903 | D:2      | Reached XP level 5. HP: 18/36 MP: 3/9
  1911 | D:2      | Found a burning altar of Makhleb.
  1963 | D:2      | Slain by a worm

Illustrated notes

Levels and vault maps discovered:
D:1:      lemuel_arrival_broad_hall, layout_rooms, minmay_misc_feat_rows
D:2:      layout_rooms, marbit_many_paths, nicolae_overflow_quartered_altars,
          uniq_terence

Skill      XL: |  1  2  3  4 |
---------------+-------------+-----
Armour         | 1 |  1.5
Spellcasting   | 3 |  3.1
Dodging        | 2 |  2.0
Fighting       | |  0.8
Short Blades   | |  0.7
Throwing       | |  0.1
Stealth        | |  2.9
Necromancy     | |  4.7

Action                   |  1- 3 |  4- 6 || total
-------------------------+-------+-------++-------
Melee: Dagger            |    94 |    47 ||   141
Throw: Javelin           |     3 |     1 ||     4
 Cast: Pain              |    14 |       ||    14
       Vampiric Draining |     2 |     4 ||     6
  Use: Scroll            |     5 |       ||     5
  Eat: Ration            |     1 |       ||     1
Armor: Leather armour    |     9 |       ||     9
       Robe              |     9 |     8 ||    17
Dodge: Dodged            |    58 |    31 ||    89

Table legend:
 A = Non-vault XP
 B = Vault XP
 C = Vault XP percentage of total XP
 D = Non-vault monster count
 E = Vault monster count
 F = Vault count percentage of total count
                 A         B        C        D         E       F
            +---------+---------+-------+---------+---------+-------
      Total |     118 |      37 |  23.9 |      43 |       2 |   4.4
            +---------+---------+-------+---------+---------+-------
        D:1 |      34 |       0 |   0.0 |      21 |       0 |   0.0
        D:2 |      84 |      37 |  30.6 |      22 |       2 |   8.3
            +---------+---------+-------+---------+---------+-------
